 Dungeon Crawl Stone Soup version 0.28-a0-677-g3278d6a771 (webtiles) character file.

Game seed: 4707546055586983352

21 vvvv the Poker (level 2, 29/29 HPs)
             Began as a Troll Berserker on Oct 18, 2021.
             Was a Follower of Trog.
             Got out of the dungeon alive.
             The game lasted 00:03:34 (351 turns).

vvvv the Poker (Troll Berserker)                     Turns: 351, Time: 00:03:34

Health: 29/29      AC:  4    Str: 24    XL:     2   Next: 65%
Magic:  1/1        EV: 10    Int:  3    God:    Trog [*.....]
Gold:   46         SH:  0    Dex:  9    Spells: 1/1 levels left

rFire   . . .      SeeInvis .   a - +0 spear
rCold   . . .      Faith    .   (no shield)
rNeg    . . .      Spirit   .   b - +0 animal skin
rPois   .          Reflect  .   (helmet restricted)
rElec   .          Harm     .   (no cloak)
rCorr   .          Rampage  .   (gloves unavailable)
Will    .....                   (boots unavailable)
Stlth   +.........              (no amulet)
HPRegen 1.09/turn               (no ring)
MPRegen 0.07/turn               (no ring)

@: no status effects
A: large, unfitting armour, claws 3, regeneration 1, shaggy fur 1, tough skin 1
a: Renounce Religion, Berserk


You escaped.
You worshipped Trog.
Trog was aware of your devotion.
You visited 1 branch of the dungeon, and saw 1 of its levels.

You collected 46 gold pieces.

Inventory:

Hand Weapons
 a - a +0 spear (weapon)
Armour
 b - a +0 animal skin (worn)
Scrolls
 c - a scroll of holy word {unknown}
 d - 3 scrolls of amnesia {unknown}


   Skills:
 + Level 2.6 Fighting
 + Level 2.8 Polearms
 + Level 2.8 Dodging


You had one spell level left.
You didn't know any spells.
Your spell library was empty.

Dungeon Overview and Level Annotations

Branches:
Dungeon (1/15)

Altars:


Innate Abilities, Weirdness & Mutations

You are too large for most types of armour.
You have claws for hands.
Your natural rate of healing is unusually fast.
You are covered in fur. (AC +1)
You have tough skin. (AC +1)


Message History

You kill the endoplasm!
Trog accepts your kill.
Found 10 gold pieces.
Found 3 scrolls labelled ZUXKUC XIFA.
You now have 46 gold pieces (gained 10).
d - 3 scrolls labelled ZUXKUC XIFA
Found an emerald potion.
A frilled lizard comes into view.
A dart slug comes into view.
As you open the door, it creaks loudly!
There is an open door here.
Why would you want to do that?
You barely miss the dart slug. You puncture the dart slug!
The dart slug is severely wounded.
The dart slug launches a dart at you. The slug dart misses you.
You puncture the dart slug!
You kill the dart slug!
Trog accepts your kill.
You closely miss the frilled lizard.
The frilled lizard bites you but does no damage.
You closely miss the frilled lizard. The frilled lizard closely misses you.
You hit the frilled lizard.
You kill the frilled lizard!
Trog accepts your kill.
There is an open door here.
There is an open door here.
There is a staircase leading out of the dungeon here.
Unknown command.
Unknown command.
You can't go down here!
Are you sure you want to leave the Dungeon?
This will make you lose the game! [Y]es or [N]o only, please.
Are you sure you want to leave the Dungeon?
This will make you lose the game! [Y]es or [N]o only, please.
Are you sure you want to leave the Dungeon?
This will make you lose the game!
Uppercase [Y]es or [N]o only, please.
Are you sure you want to leave the Dungeon?
This will make you lose the game!
You have escaped!

#........##...#≈.≈#≈≈≈#
##
#.#....>###...#≈.≈#≈≈.#
#.#....#..#...#≈.≈#§..#
#.#.####..#...#...#...#
#>#.# ..#...........#
#.### ..#...........#
#.# #...........# #.#
#...........# #.#
#.....@.....# #.######
#...........#
.......################
#)####...............##?
#†...=.#####............
.)....................#
.........###.........##
......!..# ###########
.........#


There were no monsters in sight!

Vanquished Creatures
  3 dart slugs (D:1)
  A ball python (D:1)
  3 endoplasms (D:1)
  A giant cockroach (D:1)
  A goblin (D:1)
  A quokka (D:1)
  A bat (D:1)
  A frilled lizard (D:1)
  2 kobolds (D:1)
  A rat (D:1)
15 creatures vanquished.

Notes
Turn   | Place    | Note
-------+----------+-------------------------------------------
     0 | D:1      | vvvv the Troll Berserker began the quest for the Orb.
     0 | D:1      | Reached XP level 1. HP: 22/22 MP: 0/0
   124 | D:1      | Reached XP level 2. HP: 25/29 MP: 1/1
   351 | D:$      | Got out of the dungeon alive.

Illustrated notes

Levels and vault maps discovered:
D:1:      lightli_arrival_quake, layout_rooms

Action                   || total
-------------------------++-------
Melee: Spear             ||    53
Armor: Animal skin       ||    14
Dodge: Dodged            ||    23

Table legend: (Time is in decaauts)
 A = Elapsed time spent in this place.
 B = Non-inter-level travel time spent in this place.
 C = Inter-level travel time spent in this place.
 D = Time resting spent in this place.
 E = Time spent auto-exploring this place.
 F = Levels seen in this place.
 G = Mean time per level.
                   A        B        C        D        E       F      G
               +--------+--------+--------+--------+--------+-----+--------+
         Total |    349 |    347 |      2 |      0 |      0 |   1 |  349.0 |
       Dungeon |    349 |    347 |      2 |      0 |      0 |   1 |  349.0 |
               +--------+--------+--------+--------+--------+-----+--------+

Top non-repeatable levels by time:
     D:1: 349 daAuts
